 Dungeon Crawl Stone Soup version 0.29-a0-40-g8eb35efe60 (webtiles) character file.

Game seed: 10043600126434253093

180 enile the Poker (level 5, -2/42 HPs)
             Began as a Merfolk Gladiator on Feb 1, 2022.
             Was a Believer of Qazlal.
             Killed from afar by Sigmund (7 damage)
             ... with a puff of flame
             ... on level 3 of the Dungeon.
             The game lasted 00:02:38 (2207 turns).

enile the Poker (Merfolk Gladiator)                 Turns: 2207, Time: 00:02:38

Health: -2/42      AC:  4    Str: 16    XL:     5   Next: 60%
Magic:  5/5        EV: 13    Int:  7    God:    Qazlal [**....]
Gold:   57         SH:  7    Dex: 16    Spells: 4/4 levels left

rFire   . . .      SeeInvis .   a - +0 trident
rCold   . . .      Faith    .   l - +0 buckler
rNeg    . . .      Spirit   .   b - +0 leather armour
rPois   .          Reflect  .   c - +0 helmet
rElec   .          Harm     .   (no cloak)
rCorr   .          Rampage  .   (no gloves)
Will    .....                   (no boots)
Stlth   +.........              (no amulet)
HPRegen 0.14/turn               (no ring)
MPRegen 0.09/turn               (no ring)

@: no status effects
A: (nimble swimmer 2), mertail
a: Renounce Religion, Upheaval


You were on level 3 of the Dungeon.
You worshipped Qazlal.
Qazlal was pleased with you.
You visited 1 branch of the dungeon, and saw 3 of its levels.

You collected 57 gold pieces.

Inventory:

Hand Weapons
 a - a +0 trident (weapon)
Missiles
 h - 6 silver boomerangs (quivered)
 k - 2 boomerangs
Armour
 b - a +0 leather armour (worn)
 c - a +0 helmet (worn)
 l - a +0 buckler (worn)
Scrolls
 f - a scroll of amnesia {unknown}
 g - 2 scrolls of immolation {unknown}
 i - a scroll of fear {unknown}
 j - a scroll of silence {unknown}


   Skills:
 - Level 4.0 Fighting
 + Level 6.0 Polearms
 - Level 2.0 Throwing
 - Level 4.0 Dodging
 - Level 3.0 Shields


You had 4 spell levels left.
You didn't know any spells.
Your spell library was empty.

Dungeon Overview and Level Annotations

Branches:
Dungeon (3/15)

Altars:
Qazlal

Annotations:
D:3 Sigmund


Innate Abilities, Weirdness & Mutations

((You are very nimble when in or above water. (Stealth+, EV+, Speed+++)))
Your lower body shifts to a powerful aquatic tail in water.


Message History

You hear a shout!
Sigmund is nearby!
Sigmund is nearby!
Sigmund and a goblin come into view.
The goblin shouts!
Sigmund hits you from afar with a +0 scythe!
You reach to attack!
You hit Sigmund but do no damage.
You reach to attack!
You puncture Sigmund!
Sigmund is heavily wounded.
Sigmund hits you from afar with a +0 scythe.
Throw: 2 throwing nets
Press: ? - help, Q - select action, (/) - cycle Shift-Dir - straight line, f/p - Sigmund
Aim: Sigmund, wielding a +0 scythe and wearing a +0 robe (heavily wounded, 60% to hit)
You throw a throwing net.
The throwing net closely misses Sigmund.
Sigmund mumbles some strange words.
Sigmund flickers and vanishes!
Deactivating autopickup; reactivate with Ctrl-A.
Something hits you!
Unknown command.
You closely miss something.
Throw: throwing net
Press: ? - help, Q - select action, (/) - cycle Shift-Dir - straight line, f - goblin
Aim: a goblin, wielding a +0 club (56% to hit)
You throw a throwing net. The throwing net hits the goblin.
The goblin is caught in the net!
Something hits you.
The goblin struggles against the net.
Unknown command.
You puncture something! Something hits you!
* * * LOW HITPOINT WARNING * * *
The goblin struggles against the net.
You closely miss something.
The goblin struggles against the net.
As you read the scroll labelled DEGGON KOCIPS, it crumbles to dust.
The scroll dissolves into smoke.
It was a scroll of fog.
Something hits you but does no damage.
The goblin struggles against the net.
The net rips apart, and the goblin comes free!
You hear some strange, mumbled words.
A puff of flame appears from out of thin air!
The puff of flame hits you!
You die...

.#....................
..........#######....
#..<....###### .... .
######........ ... ##.
#.†.....### ..
....###.#####.# g#
........### #.####{#
..####....# #.§##§.#.#
##......####§§@§§§§#
#.........##..§§§§####
##............§§###
#.........#.##...#
.............####..#
.#............. #.#
#.........###... ...
#.........# ### ...
.......... ..


There were no monsters in sight!

Vanquished Creatures
  A jelly (D:2)
  A hound (D:3)
  An orc priest (D:2)
  An orc wizard (D:2)
  An adder (D:2)
  A worm (D:2)
  3 orcs (D:2)
  7 ball pythons
  2 bats
  6 endoplasms
  A giant cockroach (D:1)
  5 goblins
  3 hobgoblins
  4 jackals (D:1)
  4 quokkas
  4 frilled lizards
  5 kobolds
  3 rats (D:1)
53 creatures vanquished.

Notes
Turn   | Place    | Note
-------+----------+-------------------------------------------
     0 | D:1      | enile the Merfolk Gladiator began the quest for the Orb.
     0 | D:1      | Reached XP level 1. HP: 16/16 MP: 1/1
   176 | D:1      | Reached XP level 2. HP: 23/23 MP: 2/2
   544 | D:1      | Found a faded altar of an unknown god.
   619 | D:1      | Prayed at the altar of an unknown god.
   619 | D:1      | Became a worshipper of Qazlal Stormbringer
   619 | D:1      | Reached * piety under Qazlal
   644 | D:1      | Reached XP level 3. HP: 30/30 MP: 3/3
  1406 | D:2      | Reached skill level 5 in Polearms
  1545 | D:2      | Reached XP level 4. HP: 19/37 MP: 4/4
  1813 | D:2      | Reached skill level 6 in Polearms
  1863 | D:2      | Reached skill level 1 in Shields
  1870 | D:2      | Reached XP level 5. HP: 33/42 MP: 5/5
  2135 | D:3      | Reached ** piety under Qazlal
  2196 | D:3      | Noticed Sigmund
  2207 | D:3      | Killed from afar by Sigmund

Illustrated notes

Levels and vault maps discovered:
D:1:      dpeg_arrival_shrine, layout_rooms, shapermc_ecumenical_altar_ellora
D:2:      layout_loops_ring, grunt_ministairs_5
D:3:      layout_rooms, mainiacjoe_overflow_chevrons,
          gammafunk_ghost_gnarly_gnolls, uniq_sigmund

Skill      XL: |  1  2  3  4  5 |
---------------+----------------+-----
Fighting       | 3 4 |  4.0
Polearms       | 5 6 |  6.0
Shields        | 1 3 |  3.0
Throwing       | |  2.0
Dodging        | |  4.0

Action                   |  1- 3 |  4- 6 || total
-------------------------+-------+-------++-------
Melee: Trident           |   128 |    36 ||   164
       Tailslap          |     1 |       ||     1
Throw: Throwing net      |     2 |     3 ||     5
  Use: Scroll            |       |     1 ||     1
 Stab: Held in net/web   |     1 |     1 ||     2
Armor: Leather armour    |    17 |     6 ||    23
Dodge: Dodged            |    63 |    11 ||    74
Block: Buckler           |    10 |     6 ||    16

Table legend: (Time is in decaauts)
 A = Elapsed time spent in this place.
 B = Non-inter-level travel time spent in this place.
 C = Inter-level travel time spent in this place.
 D = Time resting spent in this place.
 E = Time spent auto-exploring this place.
 F = Levels seen in this place.
 G = Mean time per level.
                   A        B        C        D        E       F      G
               +--------+--------+--------+--------+--------+-----+--------+
         Total |   2215 |   2057 |    158 |      0 |   1705 |   3 |  738.3 |
       Dungeon |   2215 |   2057 |    158 |      0 |   1705 |   3 |  738.3 |
               +--------+--------+--------+--------+--------+-----+--------+

Top non-repeatable levels by time:
     D:2: 1319 daAuts
     D:1: 796 daAuts
     D:3: 99 daAuts
